 Dungeon Crawl Stone Soup version 0.17-a0-1528-gfee3901 (webtiles) character file.

16529 Kisielow the Cleaver (level 12, 0/108 HPs)
             Began as a Hill Orc Fighter on July 15, 2015.
             Was a High Priest of Okawaru.
             Slain by a quicksilver dragon (4 damage)
             ... on level 2 of the Lair of Beasts.
             The game lasted 00:42:30 (13103 turns).

Kisielow the Cleaver (Hill Orc Fighter)            Turns: 13103, Time: 00:42:30

Health: 0/108      AC: 21    Str: 29    XL:     12   Next: 38%
Magic:  15/15      EV:  5    Int: 12    God:    Okawaru [*****.]
Gold:   850        SH: 19    Dex: 10    Spells: 0 memorised, 11 levels left

rFire  . . .     SeeInvis .     R - +3 broad axe (venom)
rCold  + . .     Clarity  .     n - +0 plate armour of the Yeti {-Cast MR+ Str+3}
rNeg   . . .     SustAt   .     F - +0 large shield
rPois  +         Gourm    .     S - +0 helmet
rElec  +         Spirit   .     P - +2 cloak {+Inv}
rCorr  .         Warding  .     c - +0 pair of gloves of the Morning Star {Str+2 Int+2}
rMut   .         Stasis   .     (no boots)
MR     +....     NoCast   +     (no amulet)
Stlth  ..........               d - +1 ring of protection
                                A - ring of protection from cold

@: very slightly contaminated, somewhat resistant to hostile enchantments,
extremely unstealthy
A: clever 1, low mp 1, poison resistance, electricity resistance, slow healing 1
a: Heroism, Finesse, Renounce Religion, Evoke Invisibility


You were on level 2 of the Lair of Beasts.
You worshipped Okawaru.
Okawaru was extremely pleased with you.
You were very hungry.

You visited 3 branches of the dungeon, and saw 13 of its levels.
You also visited: Sewer and Volcano.

You collected 850 gold pieces.

Inventory:

Hand weapons
 R - a +3 broad axe of venom (weapon)
Armour
 c - the +0 pair of gloves of the Morning Star (worn) {Str+2 Int+2}
   (Okawaru gifted it to you on level 9 of the Dungeon)

   It affects your strength (+2).
   It affects your intelligence (+2).
 n - the +0 plate armour of the Yeti (worn) {-Cast MR+ Str+3}
   (You found it on level 1 of the Lair of Beasts)

   It affects your strength (+3).
   It affects your resistance to hostile enchantments.
   It prevents spellcasting.
 q - a fire dragon hide
 t - a mottled dragon hide
 F - a +0 large shield (worn)
 P - a +2 cloak of invisibility (worn)
 S - a +0 helmet (worn)
Jewellery
 b - an uncursed ring of fire
 d - a +1 ring of protection (right hand)
 m - a +4 ring of intelligence
 A - a ring of protection from cold (left hand)
 M - an uncursed ring of teleportation
Magical devices
 a - a wand of hasting (2)
 p - a wand of confusion (5)
 y - a wand of fire (9)
 B - a wand of digging (0)
 E - a wand of polymorph (11)
 G - a wand of fireball (3)
 L - a wand of slowing (26)
Scrolls
 l - 2 scrolls of remove curse
 z - 4 scrolls of blinking
Potions
 f - a potion of brilliance {unknown}
 g - 2 potions of agility
 h - 3 potions of curing
 j - 5 potions of flight
 r - 2 potions of cancellation
 s - 2 potions of berserk rage {unknown}
Miscellaneous
 Q - an ornate deck of summoning {drawn: 1}
Comestibles
 e - 11 bread rations
 i - 5 chunks of flesh
 k - 6 meat rations
 u - 12 fruits
 x - 15 royal jellies


   Skills:
 - Level 10.9 Fighting
 + Level 13.5 Axes
 - Level 10.1 Armour
 - Level 10.4 Shields
 + Level 6.9 Invocations
 + Level 4.9 Evocations


You had 11 spell levels left.
You didn't know any spells.

Dungeon Overview and Level Annotations

Branches:
Dungeon (10/15)            Temple (1/1) D:5            Lair (2/8) D:10
    Orc (0/4) D:9

Altars:
Ashenzari
Cheibriados
Dithmenos
Elyvilon
Fedhas
Gozag
Kikubaaqudgha
Makhleb
Nemelex Xobeh
Okawaru
Qazlal
Ru
Sif Muna
Trog
Vehumet
Xom
Yredelemnul
Zin
The Shining One

Shops:
D:4 =   D:7 ?   D:9 ?


Innate Abilities, Weirdness & Mutations

Your mind is acute. (Int +2)
Your magical capacity is low (-10% MP).
Your system is resistant to poisons.
You are resistant to electric shocks.
You heal slowly when monsters are visible.


Message History

Drink which item? (? for menu, Esc to quit)
You feel better.
You block the quicksilver dragon's attack.
The quicksilver dragon claws you but does no damage.
You block the porcupine's attack.
Drink which item? (? for menu, Esc to quit)
You feel better.
The quicksilver dragon breathes dispelling energy at you.
The bolt of dispelling energy hits you!
Your magical effects are unravelling.
Your magical contamination has completely faded away.
* * * LOW HITPOINT WARNING * * *
You block the porcupine's attack.
You block the quicksilver dragon's attack. x2
You are very lightly contaminated with residual magic.
Evoke which item? (* to show all) (? for menu, Esc to quit)
You draw a card...
It is the Illusion.
Suddenly you stand beside yourself.
You flicker back into view.
The porcupine completely misses you. The quicksilver dragon bites you.
You die...

##.......%%%...
#.......%.P%%.#
##.......%%%.%#
#.......%%.%.#
##......%%...# .###
#.......P..## . ..#.#
####......#### #.
.....##.#.Dr@...#.#P...# #.
##.....#..@............###.
#........F..............##.
#......................#..
⌠.##.......................
...........................
<.⌠#.......................
#....#......P...........
#...##........##...###..
##..#####....#######.##.


You could see a quicksilver dragon, a spiny frog, a porcupine and the friendly
Kisielow's illusion (invisible).

Vanquished Creatures
  The ghost of Amnekian the Grappler, a powerful TrMo of Kikubaaqudgha (Volcano)
  A fire dragon (Volcano)
  Harold (Lair:1)
  Maurice (D:9)
  2 molten gargoyles (Volcano)
  3 komodo dragons
  A kobold demonologist (Sewer)
  A two-headed ogre (D:10)
  A queen bee (Lair:2)
  Grinder (Sewer)
  2 trolls (D:9)
  A spriggan (D:7)
  Sigmund (D:6)
  A wraith (D:10)
  A basilisk (Lair:2)
  Eustachio (D:6)
  5 hippogriffs
  2 steam dragons
  6 yaks (D:9)
  Grum (Lair:1)
  11 fire bats (Volcano)
  3 wargs (D:9)
  4 wolves (Lair:1)
  A mottled dragon (Volcano)
  2 porcupines
  An orc warrior (D:8)
  3 water moccasins (Lair:1)
  2 sky beasts
  A wasp (D:9)
  2 necrophages
  3 phantoms
  2 ice beasts (D:7)
  3 ogres
  2 crocodiles (Lair:1)
  4 centaurs
  6 giant frogs
  3 big kobolds
  4 scorpions
  5 wights (D:7)
  24 killer bees (Lair:2)
  A wyvern skeleton (D:8)
  4 crimson imps
  2 jellies
  2 centaur zombies
  2 gnoll shamans
  A quasit (D:8)
  A centaur skeleton (D:8)
  5 hounds
  4 lava snakes (Volcano)
  4 orc wizards
  4 orc priests
  7 worker ants
  A giant frog skeleton (D:7)
  A hound zombie (D:7)
  3 big kobold zombies (Sewer)
  14 gnolls
  A worker ant zombie (D:9)
  12 adders
  26 river rats (Lair:1)
  7 shadow imps
  4 ufetubi (Sewer)
  2 adder zombies
  An ooze (D:6)
  4 worms
  6 giant geckos
  20 orcs
  2 bat skeletons
  2 giant cockroaches
  14 hobgoblins
  10 jackals
  7 quokkas
  15 bats
  A giant cockroach zombie (Sewer)
  8 giant newts
  8 goblins
  37 kobolds
  21 rats
384 creatures vanquished.

Notes
Turn   | Place    | Note
--------------------------------------------------------------
     0 | D:1      | Kisielow the Hill Orc Fighter began the quest for the Orb.
     0 | D:1      | Reached XP level 1. HP: 19/19 MP: 1/1
   193 | D:1      | Reached XP level 2. HP: 26/26 MP: 2/2
   419 | D:1      | Reached skill level 4 in Axes
   760 | D:1      | Reached XP level 3. HP: 29/31 MP: 3/3
  1187 | D:2      | Reached skill level 5 in Axes
  1406 | D:2      | Reached XP level 4. HP: 40/40 MP: 4/4
  1543 | D:2      | Found a blossoming altar of Fedhas.
  1544 | D:2      | Found an iron altar of Okawaru.
  1557 | D:2      | Became a worshipper of Warmaster Okawaru
  2674 | D:4      | Reached XP level 5. HP: 46/46 MP: 5/5
  2697 | D:4      | Found Doprej's Jewellery Boutique.
  2793 | D:4      | Reached XP level 6. HP: 24/53 MP: 6/6
  2964 | D:4      | Found a shattered altar of Ashenzari.
  2985 | D:4      | Reached skill level 6 in Axes
  2992 | D:4      | Acquired Okawaru's first power
  3000 | D:4      | Reached skill level 5 in Fighting
  3413 | D:5      | Entered Level 5 of the Dungeon
  3423 | D:5      | Found a glowing golden altar of the Shining One.
  3483 | D:5      | Reached XP level 7. HP: 49/61 MP: 7/7
  3502 | D:5      | Gained mutation: Your mind is acute. (Int +2) [potion of mutation]
  3502 | D:5      | Gained mutation: Your magical capacity is low (-10% MP). [potion of mutation]
  3502 | D:5      | Gained mutation: You are resistant to electric shocks. [potion of mutation]
  3516 | D:5      | Found a staircase to the Ecumenical Temple.
  3543 | Temple   | Entered the Ecumenical Temple
  3885 | D:5      | Reached skill level 5 in Armour
  3885 | D:5      | Reached skill level 5 in Shields
  3901 | D:5      | Found a glowing drain.
  3909 | Sewer    | Entered a sewer
  4360 | Sewer    | Found a burning altar of Makhleb.
  4374 | Sewer    | Reached skill level 7 in Axes
  4398 | Sewer    | Noticed an apprentice kobold demonologist
  4410 | Sewer    | Killed an apprentice kobold demonologist
  4410 | Sewer    | Reached XP level 8. HP: 67/71 MP: 7/7
  4434 | Sewer    | Noticed Grinder
  4444 | Sewer    | Paralysed by Grinder for 4 turns
  4466 | Sewer    | Killed Grinder
  5074 | D:5      | Found an ancient bone altar of Kikubaaqudgha.
  5110 | D:5      | Reached skill level 8 in Axes
  5694 | D:6      | Reached XP level 9. HP: 70/79 MP: 8/8
  5774 | D:6      | Noticed Sigmund
  5808 | D:6      | Killed Sigmund
  6039 | D:6      | Reached skill level 9 in Axes
  6121 | D:6      | Noticed Eustachio
  6312 | D:6      | Killed Eustachio
  6656 | D:7      | Found Qaibiyr's Magic Scroll Shop.
  6716 | D:7      | Found a snail-covered altar of Cheibriados.
  6782 | D:7      | Found a sparkling altar of Nemelex Xobeh.
  7038 | D:7      | Found a sacrificial altar of Ru.
  7389 | D:7      | Reached skill level 10 in Axes
  7389 | D:7      | Reached XP level 10. HP: 81/90 MP: 9/9
  7799 | D:8      | Found a shadowy altar of Dithmenos.
  8224 | D:8      | Found a burning altar of Makhleb.
  8353 | D:8      | Acquired Okawaru's second power
  8355 | D:8      | Received a gift from Okawaru
  8643 | D:9      | Found a bloodstained altar of Trog.
  8714 | D:9      | Gained mutation: You heal slowly when monsters are visible. [potion of mutation]
  8714 | D:9      | Gained mutation: Your system is resistant to poisons. [potion of mutation]
  8742 | D:9      | Noticed Maurice
  9002 | D:9      | Found a staircase to the Orcish Mines.
  9227 | D:9      | Received a gift from Okawaru
  9232 | D:9      | Got a pair of transparent gloves {god gift}
  9238 | D:9      | Identified the +0 pair of gloves of the Morning Star {Str+2 Int+2} (Okawaru gifted it to you on level 9 of the Dungeon)
  9522 | D:9      | Reached skill level 11 in Axes
  9527 | D:9      | Reached skill level 10 in Fighting
 10144 | D:9      | Reached XP level 11. HP: 70/100 MP: 9/9
 10176 | D:9      | Found Vourhidgh's Magic Scroll Shoppe.
 10368 | D:9      | Killed Maurice
 10521 | D:10     | Entered Level 10 of the Dungeon
 10555 | D:10     | Noticed a six-headed hydra
 10561 | D:10     | Found a staircase to the Lair.
 10649 | Lair:1   | Entered Level 1 of the Lair of Beasts
 10819 | Lair:1   | Got a distressingly furry plate armour
 10830 | Lair:1   | Identified the +0 plate armour of the Yeti {-Cast MR+ Str+3} (You found it on level 1 of the Lair of Beasts)
 10891 | Lair:1   | Reached skill level 10 in Shields
 10945 | Lair:1   | Noticed Grum
 10971 | Lair:1   | Killed Grum
 11135 | Lair:1   | Noticed Harold
 11157 | Lair:1   | Killed Harold
 11157 | Lair:1   | Reached skill level 12 in Axes
 11157 | Lair:1   | Reached skill level 10 in Armour
 11234 | Lair:1   | Received a gift from Okawaru
 11250 | Lair:1   | Got a slimy ring mail
 11604 | Lair:1   | Identified the +4 ring mail of Midwinter {*Corrode MR++} (You found it on level 1 of the Lair of Beasts)
 11805 | Lair:2   | Reached skill level 1 in Invocations
 11811 | Lair:2   | Reached skill level 1 in Evocations
 12098 | Lair:2   | Found a dark tunnel.
 12103 | Volcano  | Entered a volcano
 12488 | Volcano  | Noticed Amnekian's ghost (powerful TrMo)
 12516 | Volcano  | Killed Amnekian's ghost
 12516 | Volcano  | Reached skill level 5 in Invocations
 12516 | Volcano  | Reached XP level 12. HP: 58/108 MP: 12/14
 12549 | Volcano  | Noticed a fire dragon
 12550 | Volcano  | Found a bloodstained altar of Trog.
 12562 | Volcano  | Killed a fire dragon
 12562 | Volcano  | Reached skill level 13 in Axes
 13080 | Lair:2   | Noticed a five-headed hydra
 13095 | Lair:2   | Noticed a quicksilver dragon
 13095 | Lair:2   | a six-headed hydra changed into a quicksilver dragon
 13102 | Lair:2   | HP: 4/108 [quicksilver dragon/bolt of dispelling energy (35)]
 13103 | Lair:2   | Slain by a quicksilver dragon

Vault maps used:
D:1:      dpeg_arrival_snail, solitary_fountain, minmay_rat_gold_closets
D:2:      gammafunk_temple_overflow_pools
D:4:      serial_shops, shop, cheibrodos_ashenzari_chains
D:5:      lemuel_doored_altar, nicolae_overflow_crystal_walls,
          minmay_temple_entry_purple_smoke, first_bread,
          lightli_sewer_entry_pipes
D:6:      minivault_1, uniq_eustachio, uniq_sigmund
D:7:      overflow_temple_1_default, cheibrodos_worm_habitat, serial_shops,
          nicolae_shop_crystal, the_bakery, hangedman_decor_riveting,
          nicolae_ru_path_of_blood
D:8:      makhleb_heckhound_becter, minmay_strange_pillars,
          nicolae_dithmenos_the_darkroom
D:9:      minmay_orc_entry_guard_dogs, basic_altar, serial_shops, shop,
          uniq_maurice
D:10:     hangedman_cross_cluster
Temple:   oiseaux_autumnal_temple_12
Lair:1:   lab_entry_generic, uniq_grum, uniq_harold
Lair:2:   special_room, enter_volcano_4, lemuel_fruit_tree, grunt_megastairs_1
Sewer:    kennysheep_sewer_church
Volcano:  volcano_lake

Action                   |  1- 3 |  4- 6 |  7- 9 | 10-12 || total
-------------------------+-------+-------+-------+-------++-------
Melee: War axe           |   131 |   195 |   538 |   457 ||  1321
       Broad axe         |       |       |       |   216 ||   216
Invok: Heroism           |       |       |       |     2 ||     2
       Finesse           |       |       |       |     1 ||     1
Evoke: Wand              |       |       |       |     4 ||     4
       Deck              |       |       |       |     1 ||     1
  Use: Potion            |       |     1 |     3 |    12 ||    16
       Scroll            |       |    10 |     7 |    10 ||    27
 Stab: Confused          |       |       |       |     2 ||     2
  Eat: Chunk             |     2 |     6 |    11 |    13 ||    32
       Pizza             |       |       |     2 |       ||     2
       Meat ration       |       |       |       |     1 ||     1
       Beef jerky        |       |       |       |     1 ||     1
